 Dungeon Crawl Stone Soup version 0.26-a0-1147-g3780a7a11b (webtiles) character file.

Game seed: 7768588589204565439

152213 jiml777 the Eclecticist (level 17, -5/89 HPs)
             Began as a Deep Elf Air Elementalist on Dec 19, 2020.
             Was an Elder of Sif Muna.
             Shot with an arrow by Vashnia (45 damage)
             ... on level 2 of the Snake Pit on Dec 23, 2020.
             The game lasted 05:23:46 (48474 turns).

jiml777 the Eclecticist (DEAE)                     Turns: 48474, Time: 05:23:48

Health: -5/89      AC: 16    Str:  7    XL:     17   Next: 2%
Magic:  10/44      EV: 13    Int: 34    God:    Sif Muna [****..]
Gold:   1274       SH:  8    Dex: 15    Spells: 9/50 levels left

rFire    + + .     SeeInvis +   f - staff of fire
rCold    + + +     Faith    .   d - +3 buckler {reflect}
rNeg     . . .     Spirit   .   W - +4 skin of Zhor {Englaciate rC+++ SInv}
rPois    .         Reflect  +   r - +2 hat
rElec    .         Harm     .   j - +1 cloak
rCorr    .         Rampage  .   (no gloves)
Will     +....                  V - +2 pair of boots
Stlth    ++........             C - amulet of regeneration
HPRegen  0.64/turn              Q - ring of Conformity {rF+ Int+6}
MPRegen  0.29/turn              (no ring)

@: swift, quick
A: antennae 1, iridescent scales 1, cold resistance 1, high mp 1, robust 1,
strong 1
a: Renounce Religion, Channel Magic, Forget Spell, Divine Exegesis


You were on level 2 of the Snake Pit.
You worshipped Sif Muna.
Sif Muna was greatly pleased with you.
You visited 5 branches of the dungeon, and saw 25 of its levels.
You also visited: Ossuary, Bailey and Gauntlet.

You collected 2972 gold pieces.
You spent 1698 gold pieces at shops.

Inventory:

Hand Weapons
 M - a +6 long sword of freezing
 U - the +3 whip "Araon" {vorpal, rPois rC+}
   (You found it in a Gauntlet)

   It inflicts extra damage upon your enemies.
   It protects you from cold.
   It protects you from poison.
Missiles
 q - 4 boomerangs of dispersal
 y - 571 arrows
 L - 4 curare-tipped darts
 S - 16 silver javelins
Armour
 d - a +3 buckler of reflection (worn)
 j - a +1 cloak (worn)
 n - a +2 helmet
 r - a +2 hat (worn)
 P - a scarf of invisibility
 V - a +2 pair of boots (worn)
 W - the +4 skin of Zhor (worn) {Englaciate rC+++ SInv}
   (You found it on level 1 of the Lair of Beasts)

   It renders you almost immune to cold.
   It lets you see invisible.
Magical Staves
 f - an uncursed staff of fire (weapon)
 I - an uncursed staff of air
Jewellery
 p - an uncursed ring of resist corrosion
 A - an uncursed ring of see invisible
 C - an amulet of regeneration (around neck)
 Q - the ring of Conformity (left hand) {rF+ Int+6}
   (You bought it in a shop on level 7 of the Dungeon)

   [ring of intelligence]

   It affects your intelligence (+6).
   It protects you from fire.
 R - an uncursed ring of positive energy
 X - an uncursed amulet of magic regeneration {unknown}
Wands
 a - a wand of enslavement (23)
 b - a wand of iceblast (10)
 h - a wand of paralysis (27)
 t - a wand of acid (12)
 w - a wand of flame (156)
 O - a wand of digging (9)
Scrolls
 e - 3 scrolls of magic mapping
 l - 13 scrolls of remove curse
 m - 5 scrolls of fog
 v - a scroll of summoning
 D - 8 scrolls of teleportation
 F - 3 scrolls of fear
 G - 8 scrolls of amnesia
 H - 6 scrolls of blinking
 K - a scroll of holy word
 N - 2 scrolls of enchant weapon
 T - a scroll of silence
Potions
 c - 3 potions of cancellation
 g - 10 potions of curing
 i - 10 potions of haste
 k - a potion of berserk rage
 s - 4 potions of brilliance
 u - 2 potions of heal wounds
 x - a potion of resistance
 z - 4 potions of might
 B - 5 potions of flight
 E - a potion of ambrosia
 J - a potion of invisibility
Miscellaneous
 o - a phantom mirror
 Y - a box of beasts
 Z - a lightning rod (4/4)


   Skills:
 - Level 0.3 Fighting
 - Level 0.4 Polearms
 - Level 9.1 Armour
 - Level 3.1 Dodging
 - Level 3.5 Stealth
 - Level 3.0 Shields
 + Level 17.4 Spellcasting
 * Level 10.7 Conjurations
 - Level 6.0 Translocations
 * Level 11.1 Fire Magic
 + Level 13.2 Air Magic
 * Level 10.9 Invocations
 - Level 10.0 Evocations


You had 9 spell levels left.
You knew the following spells:

 Your Spells              Type           Power        Failure   Level
a - Shock                 Conj/Air       100%         0%          1
b - Swiftness             Air            88%          0%          2
c - Static Discharge      Conj/Air       84%          1%          3
d - Airstrike             Air            44%          1%          4
e - Lightning Bolt        Conj/Air       42%          1%          5
f - Fireball              Conj/Fire      51%          1%          5
g - Conjure Ball Lightni  Conj/Air       42%          1%          6
h - Blink                 Tloc           N/A          1%          2
i - Apportation           Tloc           100%         1%          1
j - Iskenderun's Battles  Conj           80%          1%          5
k - Orb of Destruction    Conj           40%          14%         7

Your spell library contained the following spells:

 Spells                   Type           Power        Failure   Level
 Foxfire                  Conj/Fire      100%         0%          1
 Magic Dart               Conj           100%         0%          1
 Animate Skeleton         Necr           58%          1%          1
 Corona                   Hex            32%          1%          1
 Freeze                   Ice            100%         1%          1
 Sting                    Tmut/Pois      100%         1%          1
 Summon Small Mammal      Summ           100%         1%          1
 Call Imp                 Summ           29%          1%          2
 Corpse Rot               Necr/Air       N/A          1%          2
 Poisonous Vapours        Pois/Air       100%         1%          2
 Slow                     Hex            29%          1%          2
 Conjure Flame            Conj/Fire      100%         1%          3
 Dazzling Flash           Conj/Hex       100%         1%          3
 Gell's Gravitas          Tloc           31%          1%          3
 Ignite Poison            Fire/Tmut/Pois 70%          1%          3
 Inner Flame              Hex/Fire       79%          1%          3
 Mephitic Cloud           Conj/Pois/Air  71%          1%          3
 Fulminant Prism          Conj/Hex       30%          1%          4
 Hailstorm                Conj/Ice       60%          1%          4
 Sticky Flame             Conj/Fire      100%         1%          4
 Summon Lightning Spire   Summ/Air       65%          1%          4
 Bolt of Magma            Conj/Fire/Erth 43%          1%          5
 Silence                  Hex/Air        32%          2%          5
 Call Canine Familiar     Summ           29%          4%          3
 Confusing Touch          Hex            29%          4%          3
 Frozen Ramparts          Ice            58%          4%          3
 Ozocubu's Armour         Ice            29%          4%          3
 Summon Guardian Golem    Hex/Summ       29%          4%          3
 Irradiate                Conj/Tmut      30%          4%          5
 Freezing Cloud           Conj/Ice/Air   35%          8%          6
 Summon Forest            Summ/Tloc      25%          11%         5
 Cause Fear               Hex            14%          14%         4
 Dispel Undead            Necr           29%          14%         4
 Ice Form                 Ice/Tmut       29%          14%         4
 Olgreb's Toxic Radiance  Pois           29%          14%         4
 Petrify                  Tmut/Erth      29%          14%         4
 Summon Ice Beast         Ice/Summ       29%          14%         4
 Agony                    Necr           29%          36%         5
 Alistair's Intoxication  Tmut/Pois      19%          36%         5
 Metabolic Englaciation   Hex/Ice        14%          36%         5
 Yara's Violent Unravell  Hex/Tmut       14%          36%         5
 Chain Lightning          Conj/Air       42%          54%         8
 Death Channel            Necr           14%          91%         6
 Eringya's Noxious Bog    Tmut/Pois      14%          91%         6
 Hydra Form               Tmut           14%          91%         6
 Invisibility             Hex            29%          91%         6
 Simulacrum               Ice/Necr       14%          91%         6
 Tornado                  Air            44%          99%         9
 Dragon Form              Tmut           14%          100%        7
 Discord                  Hex            14%          100%        8
 Fire Storm               Conj/Fire      51%          100%        9


Dungeon Overview and Level Annotations

Branches:
Dungeon (14/15)            Temple (1/1) D:4            Lair (6/6) D:11
 Shoals (0/4) Lair:3        Snake (2/4) Lair:2        Slime (0/5) Lair:5
    Orc (2/2) D:10            Elf (0/3) Orc:2        Vaults (0/5) D:14
Ossuary (visited)          Bailey (visited)         Gauntlet (visited)

Altars:
Ashenzari
Cheibriados
Dithmenos
Elyvilon
Fedhas
Gozag
Hepliaklqana
Kikubaaqudgha
Makhleb
Nemelex Xobeh
Okawaru
Qazlal
Ru
Sif Muna
Trog
Uskayaw
Vehumet
Wu Jian
Xom
Yredelemnul
Zin
The Shining One
Beogh
Jiyva

Shops:
D:6 !!   D:7 =   D:8 (   Orc:2 ([[}   Snake:1 *?

Annotations:
D:12 3 runed translucent doors, Orlauf's ghost, journeyman DsGl
Lair:2 exclusion: oklob plant
Lair:3 1 runed translucent door, Fuxod's ghost, journeyman GnWn
Snake:1 3 runed translucent doors
Snake:2 Vashnia


Innate Abilities, Weirdness & Mutations

You have a pair of small antennae on your head.
You are partially covered in iridescent scales. (AC +2)
Your flesh is cold resistant. (rC+)
You have an increased reservoir of magic. (+10% MP)
You are robust. (+10% HP)
Your muscles are strong. (Str +2)


Message History

You kill the anaconda!
Sif Muna accepts your kill.
The fireball engulfs Vashnia!!
Vashnia is heavily wounded.
Vashnia spits poison at you. The splash of poison misses you.
Casting: Fireball (mildly dangerous; 1% risk of failure)
Confirm with . or Enter, or press ? or * to list all spells.
Aiming: Fireball (mildly dangerous; 1% risk of failure)
Press: ? - help, Shift-Dir - straight line, f - Vashnia
Aim: Vashnia, wielding a +0 vorpal longbow, wearing a +2 barding of cold resistance and quivering 16 arrows (heavily wounded, catching her breath)
You feel a surge of power!
The fireball explodes!
The fireball engulfs Vashnia!!!
Vashnia is almost dead.
The fireball engulfs the naga sharpshooter!!
The naga sharpshooter is heavily wounded.
Vashnia casts a spell.
Vashnia magically shoots an arrow.
The arrow hits you!!!
Ouch! That really hurt!
You die...

#)).#
#.))####
#..N...
....
##.#
#NN##
#.(.#
#<..#
#.(@#
#)..#
##...#
#...#
##.#>
##...
##.. #..


You could see Vashnia (catching breath) and a naga sharpshooter.

Vanquished Creatures
  Saint Roka (Orc:2)
  Frances (D:13)
  Kirke (Snake:1)
  An orc warlord (Bailey)
  A minotaur (Gauntlet)
  The ghost of djent the Grappler, a journeyman TrBe of Trog (Orc:2)
  The ghost of bronco the Grappler, a journeyman TrBe of Trog (Orc:2)
  7 hydras
  2 boulder beetles
  A centaur warrior (D:13)
  An anaconda (Snake:2)
  Erica (Lair:2)
  2 death knights
  2 dancing weapons (D:14)
  2 tengu warriors (D:13)
  An orc high priest (Orc:1)
  2 shock serpents (Snake:1)
  6 naga sharpshooters
  Nergalle (D:10)
  A sea snake (Snake:1)
  3 unseen horrors
  A swamp dragon (shapeshifter) (D:14)
  A wizard (D:10)
  15 orc knights
  3 mana vipers (Snake:1)
  2 orc sorcerers (Orc:1)
  A deep elf mage (Orc:1)
  A wolf spider (Lair:6)
  10 ugly things
  A manticore (D:14)
  6 elephants (Lair:6)
  A salamander (Snake:1)
  5 cyclopes
  17 black mambas
  A torpor snail (Lair:2)
  An ice statue (Lair:3)
  7 naga magi (Snake:1)
  A guardian serpent (Lair:6)
  13 cane toads
  4 rime drakes
  4 gargoyles
  An ice devil (Lair:3)
  9 komodo dragons
  2 tengu conjurers (D:14)
  5 trolls
  13 polar bears
  7 hornets
  2 raiju (Lair:6)
  21 blink frogs
  6 slime creatures (D:12)
  4 dream sheep
  10 wraiths
  4 redbacks (Lair:6)
  38 yaks
  Eustachio (D:5)
  2 hogs (Snake:1)
  14 wyverns
  3 basilisks
  11 nagas
  10 wargs
  4 acid dragons
  15 hell hounds (Lair:6)
  24 water moccasins
  A swamp drake (Orc:1)
  3 sky beasts
  58 orc warriors
  2 eyes of draining
  9 ice beasts
  13 black bears
  2 phantoms
  An eye of draining (shapeshifter) (D:13)
  A necrophage (D:6)
  27 wolves
  20 ogres
  11 centaurs
  2 big kobolds (D:10)
  21 bullfrogs
  5 gnoll sergeants (D:10)
  2 scorpions (D:11)
  A troll zombie (D:10)
  2 water moccasin skeletons
  6 killer bees (D:12)
  15 wights
  2 electric eels
  4 centaur zombies
  A crimson imp (Orc:1)
  A quasit (D:7)
  A human zombie (D:10)
  An iron imp (Orc:1)
  3 bullfrog skeletons
  7 hounds
  5 jellies
  16 orc wizards
  10 orc priests
  4 iguanas
  4 centaur skeletons
  A gnoll shaman (D:7)
  Ijyb (D:5)
  A human skeleton (D:10)
  7 worker ants
  3 hound zombies
  An ogre zombie (D:10)
  A howler monkey zombie (D:9)
  5 mummies (D:10)
  Robin (D:2)
  A worker ant zombie (D:9)
  24 gnolls
  A howler monkey skeleton (D:6)
  13 adders
  3 shadow imps
  19 white imps
  3 ufetubi (Gauntlet)
  An ooze (D:1)
  An adder skeleton (D:9)
  4 adder zombies
  3 worms
  4 dart slugs
  8 leopard geckos
  147 orcs
  11 bats
  5 giant cockroaches
  36 goblins
  29 hobgoblins
  16 jackals
  7 quokkas
  A ball python (D:1)
  4 ball python skeletons (Ossuary)
  5 frilled lizards
  A giant cockroach zombie (D:5)
  A hobgoblin zombie (Ossuary)
  10 kobolds
  2 kobold zombies (Ossuary)
  An orc skeleton (Ossuary)
  A quokka skeleton (D:6)
  9 rats
  5 fungi (D:11)
  5 plants (D:11)
1003 creatures vanquished.

Vanquished Creatures (others)
  A deep elf mage (Orc:1)
  4 humans (Snake:1)
  2 orc wizards (Orc:1)
  2 orcs
  9 ball lightnings
  82 fungi
  133 plants
233 creatures vanquished.

Grand Total: 1236 creatures vanquished

Notes
Turn   | Place    | Note
-------+----------+-------------------------------------------
     0 | D:1      | jiml777 the Deep Elf Air Elementalist began the quest for
                  | the Orb.
     0 | D:1      | Reached XP level 1. HP: 10/10 MP: 6/6
   298 | D:1      | Reached XP level 2. HP: 15/15 MP: 6/8
   727 | D:1      | Reached XP level 3. HP: 19/19 MP: 6/9
  1586 | D:2      | Noticed Robin
  1600 | D:2      | Killed Robin
  1601 | D:2      | Reached skill level 4 in Spellcasting
  1601 | D:2      | Reached XP level 4. HP: 20/24 MP: 0/12
  1660 | D:2      | Learned a level 2 spell: Swiftness
  1664 | D:2      | Learned a level 3 spell: Static Discharge
  1670 | D:2      | Learned a level 4 spell: Airstrike
  2188 | D:2      | Found a faded altar of an unknown god.
  2221 | D:2      | Found a snail-covered altar of Cheibriados.
  3250 | D:3      | Reached XP level 5. HP: 26/26 MP: 8/13
  3447 | D:4      | Found a bloodstained altar of Trog.
  3530 | D:4      | Found a shimmering altar of Xom.
  3585 | D:4      | Found a staircase to the Ecumenical Temple.
  3594 | Temple   | Entered the Ecumenical Temple
  3643 | Temple   | Became a worshipper of Sif Muna the Loreminder
  3952 | D:4      | Found a glowing golden altar of the Shining One.
  4060 | D:4      | Noticed a phantom
  4063 | D:4      | Killed a phantom
  4064 | D:4      | Reached skill level 5 in Spellcasting
  4064 | D:4      | Reached skill level 1 in Evocations
  4064 | D:4      | Reached XP level 6. HP: 32/32 MP: 2/15
  4070 | D:4      | Learned a level 5 spell: Lightning Bolt
  4460 | D:5      | Entered Level 5 of the Dungeon
  4561 | D:5      | Found an ornate altar of the Wu Jian Council.
  4563 | D:5      | Noticed Ijyb
  4575 | D:5      | Killed Ijyb
  4577 | D:5      | Reached skill level 1 in Invocations
  4598 | D:5      | Found an opulent altar of Gozag.
  4810 | D:5      | Noticed Eustachio
  4932 | D:5      | Killed Eustachio
  4933 | D:5      | Reached skill level 5 in Air Magic
  4933 | D:5      | Reached XP level 7. HP: 36/36 MP: 4/17
  5253 | D:5      | Reached skill level 6 in Spellcasting
  5443 | D:5      | Found a burning altar of Makhleb.
  5892 | D:5      | Found a shadowy altar of Dithmenos.
  5897 | D:5      | Reached * piety under Sif Muna
  6322 | D:5      | Found a glowing silver altar of Zin.
  6475 | D:5      | Upgraded the game from 0.26-a0-1132-ge9770dfcb6 to
                  | 0.26-a0-1147-g3780a7a11b
  6555 | D:5      | Reached XP level 8. HP: 41/41 MP: 2/20
  6886 | D:6      | Reached skill level 5 in Conjurations
  7004 | D:6      | Reached skill level 7 in Spellcasting
  7531 | D:6      | Reached skill level 8 in Spellcasting
  7584 | D:6      | Found Movuw's Distillery.
  8125 | D:6      | Bought a potion of might for 48 gold pieces
  8125 | D:6      | Bought a potion of degeneration for 12 gold pieces
  8125 | D:6      | Bought a potion of ambrosia for 96 gold pieces
  8125 | D:6      | Bought a potion of attraction for 36 gold pieces
  8196 | D:6      | Bought a potion of berserk rage for 60 gold pieces
  8335 | D:6      | Found Enesh's Distillery.
  8396 | D:6      | Reached XP level 9. HP: 45/45 MP: 2/23
  8794 | D:7      | Found Wora's Jewellery Boutique.
  8831 | D:7      | Reached ** piety under Sif Muna
  8856 | D:7      | Found a sand-covered staircase.
  8910 | Ossuary  | Entered an ossuary
  9413 | Ossuary  | Reached skill level 9 in Spellcasting
 10050 | D:7      | Found a sparkling altar of Nemelex Xobeh.
 10614 | D:7      | Reached skill level 10 in Spellcasting
 10614 | D:7      | Reached skill level 5 in Invocations
 10614 | D:7      | Reached skill level 5 in Evocations
 10799 | D:7      | Found the +5 scythe "Finisher" {speed, eviscerate}
 10961 | D:8      | Reached XP level 10. HP: 14/50 MP: 3/26
 11083 | D:8      | Noticed a +0 dagger
 11084 | D:8      | Found a hide-covered altar of Uskayaw.
 11084 | D:8      | Noticed a +0 hand axe
 11100 | D:8      | Found Impeagisch's Weapon Shop.
 11626 | D:8      | Found a shadowy altar of Dithmenos.
 11626 | D:8      | Found a stormy altar of Qazlal.
 11642 | D:8      | Reached *** piety under Sif Muna
 12190 | D:8      | Found a roughly hewn altar of Beogh.
 12468 | D:8      | Found an iron altar of Okawaru.
 13317 | D:9      | Reached **** piety under Sif Muna
 13354 | D:9      | Found a roughly hewn altar of Beogh.
 13762 | D:9      | Found an ancient bone altar of Kikubaaqudgha.
 14470 | D:9      | Reached skill level 11 in Spellcasting
 14567 | D:10     | Entered Level 10 of the Dungeon
 14802 | D:10     | Noticed a wizard
 14805 | D:10     | Killed a wizard
 15021 | D:10     | Noticed a cyclops
 15296 | D:10     | Killed an unseen horror
 15502 | D:10     | Got a scorched leather armour
 15512 | D:10     | Identified the +2 leather armour of Wehi {rElec rC+ MP+9}
                  | (You found it on level 10 of the Dungeon)
 15600 | D:10     | Reached XP level 11. HP: 55/55 MP: 25/28
 15693 | D:10     | Reached skill level 1 in Armour
 16364 | D:10     | Found a staircase to the Orcish Mines.
 16384 | D:10     | Noticed Nergalle
 16390 | D:10     | Killed Nergalle
 16952 | D:10     | Reached skill level 5 in Armour
 17067 | D:10     | Found an ancient bone altar of Kikubaaqudgha.
 17750 | D:11     | Found a staircase to the Lair.
 18098 | D:11     | Noticed a death knight
 18128 | Lair:1   | Entered Level 1 of the Lair of Beasts
 18137 | Lair:1   | Found a gate leading to a gauntlet.
 18146 | Gauntlet | Entered a Gauntlet
 18146 | Gauntlet | Found a transporter.
 18147 | Gauntlet | Noticed a sixfirhy
 18153 | Gauntlet | Found a transporter.
 18156 | Gauntlet | Found a transporter.
 18157 | Gauntlet | Found a transporter.
 18165 | Gauntlet | Found a transporter.
 18168 | Gauntlet | Found a transporter.
 18169 | Gauntlet | Found a transporter.
 18171 | Gauntlet | Noticed a queen ant
 18178 | Gauntlet | Found a transporter.
 18180 | Gauntlet | Found a transporter.
 18181 | Gauntlet | Found a transporter.
 18187 | Gauntlet | Noticed a hell hog
 18190 | Gauntlet | Found a transporter.
 18192 | Gauntlet | Found a transporter.
 18193 | Gauntlet | Found a transporter.
 18196 | Gauntlet | Identified the ring "Baux" {rPois MP+9 Int+4}
 18206 | Gauntlet | Found a transporter.
 18378 | Gauntlet | Noticed a minotaur
 18387 | Gauntlet | Killed a minotaur
 18398 | Gauntlet | Got a sapphire whip
 19016 | Lair:1   | Learned a level 5 spell: Fireball
 19101 | Lair:1   | Reached skill level 1 in Fire Magic
 19174 | Lair:1   | Reached XP level 12. HP: 60/60 MP: 11/29
 19332 | Lair:1   | Identified the +3 whip "Araon" {vorpal, rPois rC+} (You
                  | found it in a Gauntlet)
 19609 | Lair:1   | Reached ***** piety under Sif Muna
 19678 | Lair:1   | Found the +4 skin of Zhor {Englaciate rC+++ SInv}
 20255 | Lair:2   | Identified Sif Muna's Almanac of Evil Rituals and
                  | Confrontation (Sif Muna gifted it to you on level 2 of the
                  | Lair of Beasts)
 20255 | Lair:2   | Received a gift from Sif Muna
 20268 | Lair:2   | Learned a level 6 spell: Conjure Ball Lightning
 20424 | Lair:2   | HP: 3/60 [black mamba (11)]
 20598 | Lair:2   | Noticed Erica
 20603 | Lair:2   | Killed Erica
 20604 | Lair:2   | Reached skill level 5 in Fire Magic
 20739 | Lair:2   | Reached skill level 1 in Shields
 21648 | Lair:2   | Found a staircase to the Snake Pit.
 23112 | Lair:3   | Identified the Handbook of Malediction
 23158 | Lair:3   | Found a runed translucent door.
 23161 | Lair:3   | Noticed Fuxod's ghost (journeyman GnWn)
 23268 | Lair:3   | Noticed an eight-headed hydra
 23274 | Lair:3   | Killed an eight-headed hydra
 23275 | Lair:3   | Reached skill level 12 in Spellcasting
 23289 | Lair:3   | Reached XP level 13. HP: 51/64 MP: 20/31
 23538 | Lair:3   | Found a staircase to the Shoals.
 24045 | Lair:4   | Reached skill level 10 in Air Magic
 25114 | Lair:4   | Identified Sif Muna's Compendium of Attacks and the
                  | Frostbite (Sif Muna gifted it to you on level 4 of the Lair
                  | of Beasts)
 25114 | Lair:4   | Received a gift from Sif Muna
 26361 | Lair:5   | Found a staircase to the Slime Pits.
 26362 | Lair:5   | Found a viscous altar of Jiyva.
 26833 | Lair:6   | Entered Level 6 of the Lair of Beasts
 27212 | Lair:6   | Reached skill level 13 in Spellcasting
 29625 | Lair:6   | Reached XP level 14. HP: 68/68 MP: 20/33
 30269 | Lair:6   | Reached skill level 14 in Spellcasting
 30932 | Lair:6   | Got a faintly humming helmet
 30942 | Lair:6   | Identified the +1 helmet "Tuqi" {Rampage Dex+4 Slay+3} (You
                  | found it on level 6 of the Lair of Beasts)
 31964 | Lair:6   | Identified Quitin's Collected Works on Air (Sif Muna gifted
                  | it to you on level 6 of the Lair of Beasts)
 31964 | Lair:6   | Received a gift from Sif Muna
 33443 | Orc:1    | Entered Level 1 of the Orcish Mines
 34449 | Orc:1    | Reached skill level 10 in Conjurations
 34761 | Orc:2    | Entered Level 2 of the Orcish Mines
 34762 | Orc:2    | Noticed Saint Roka
 36166 | Orc:2    | Received a gift from Sif Muna
 37108 | Orc:2    | Reached skill level 15 in Spellcasting
 37785 | Orc:2    | Found a staircase to the Elven Halls.
 38143 | Orc:2    | Found Foufem's Weapon Boutique.
 38143 | Orc:2    | Found Getsean's Armour Emporium.
 38157 | Orc:2    | Bought a +2 buckler of reflection for 314 gold pieces
 38188 | Orc:2    | Found a roughly hewn altar of Beogh.
 38206 | Orc:2    | Found Miwal's Antique Armour Boutique.
 38206 | Orc:2    | Found Nuemeq's Gadget Emporium.
 38317 | Orc:2    | Found a runed translucent gate.
 38317 | Orc:2    | Found a runed translucent gate.
 38320 | Orc:2    | Found a runed translucent gate.
 38323 | Orc:2    | Noticed djent's ghost (journeyman TrBe)
 38323 | Orc:2    | Noticed bronco's ghost (journeyman TrBe)
 38344 | Orc:2    | Killed Saint Roka
 38453 | Orc:2    | Killed bronco's ghost
 38493 | Orc:2    | Killed djent's ghost
 38494 | Orc:2    | Reached XP level 15. HP: 25/72 MP: 5/36
 39137 | D:7      | Bought the ring of Conformity {rF+ Int+6} for 870 gold
                  | pieces
 39173 | D:8      | Learned a level 2 spell: Blink
 40239 | D:12     | Found a runed translucent gate.
 40239 | D:12     | Found a runed translucent gate.
 40239 | D:12     | Found a runed translucent gate.
 40239 | D:12     | Identified the +6 short sword of Wyrd {drain, Dex+4}
 40241 | D:12     | Noticed Orlauf's ghost (journeyman DsGl)
 40245 | D:12     | Identified the +5 whip of Accord {venom, rF+ Int-3 Dex+2}
 40471 | D:12     | Found a flagged portal.
 40732 | Bailey   | Entered a bailey
 40750 | Bailey   | Identified Sif Muna's Catalogue of Glacial Orientation (Sif
                  | Muna gifted it to you in a bailey)
 40750 | Bailey   | Received a gift from Sif Muna
 41135 | Bailey   | Noticed an orc warlord
 41141 | Bailey   | Killed an orc warlord
 41739 | Bailey   | Reached skill level 10 in Fire Magic
 42178 | Bailey   | Identified a scroll of acquirement
 42178 | Bailey   | Acquired Qiheulob's Collected Works on Attacks
 42182 | Bailey   | Reached XP level 16. HP: 77/77 MP: 37/37
 43064 | D:6      | Bought a potion of mutation for 120 gold pieces
 43064 | D:6      | Bought a potion of flight for 45 gold pieces
 43066 | D:6      | Gained mutation: Your magical capacity is low. (-10% MP)
                  | [potion of mutation]
 43066 | D:6      | Gained mutation: You are frail. (-10% HP) [potion of
                  | mutation]
 43066 | D:6      | Lost mutation: You are frail. (-10% HP) [potion of
                  | mutation]
 43066 | D:6      | Gained mutation: You are agile. (Dex +2) [potion of
                  | mutation]
 43067 | D:6      | Lost mutation: You are agile. (Dex +2) [potion of mutation]
 43067 | D:6      | Lost mutation: Your magical capacity is low. (-10% MP)
                  | [potion of mutation]
 43067 | D:6      | Gained mutation: Your spells are a little easier to cast,
                  | but a little less powerful. [potion of mutation]
 43067 | D:6      | Gained mutation: Your muscles are strong. (Str +2) [potion
                  | of mutation]
 43067 | D:6      | Gained mutation: You are partially covered in iridescent
                  | scales. (AC +2) [potion of mutation]
 43068 | D:6      | Lost mutation: Your spells are a little easier to cast, but
                  | a little less powerful. [potion of mutation]
 43068 | D:6      | Gained mutation: You are robust. (+10% HP) [potion of
                  | mutation]
 43068 | D:6      | Gained mutation: You have a pair of small antennae on your
                  | head. [potion of mutation]
 43068 | D:6      | Gained mutation: Your flesh is cold resistant. (rC+)
                  | [potion of mutation]
 43068 | D:6      | Gained mutation: You have an increased reservoir of magic.
                  | (+10% MP) [potion of mutation]
 43437 | D:13     | Reached skill level 10 in Evocations
 43498 | D:13     | Reached skill level 16 in Spellcasting
 43724 | D:13     | Noticed Frances
 43727 | D:13     | Reached skill level 10 in Invocations
 43745 | D:13     | Killed Frances
 44158 | D:13     | Identified Kioggyuc's Catalogue of Transformation and Hexes
                  | (Sif Muna gifted it to you on level 13 of the Dungeon)
 44158 | D:13     | Received a gift from Sif Muna
 44162 | D:13     | Learned a level 1 spell: Apportation
 44168 | D:13     | Learned a level 5 spell: Iskenderun's Battlesphere
 44176 | D:13     | Learned a level 7 spell: Orb of Destruction
 45572 | D:14     | Found a gate to the Vaults.
 45839 | D:14     | Got a smoking quarterstaff
 45839 | D:14     | Identified the +6 quarterstaff of the Harvest {protect, rF-
                  | Will+ Dex+5} (You found it on level 14 of the Dungeon)
 46464 | Snake:1  | Entered Level 1 of the Snake Pit
 46816 | Snake:1  | Reached skill level 17 in Spellcasting
 46827 | Snake:1  | Noticed Kirke
 46829 | Snake:1  | Killed Kirke
 46978 | Snake:1  | Identified Sif Muna's Catalogue of Envenoming and Feathers
                  | (Sif Muna gifted it to you on level 1 of the Snake Pit)
 46978 | Snake:1  | Received a gift from Sif Muna
 47119 | Snake:1  | Found a shadowy altar of Dithmenos.
 47366 | Snake:1  | Found a runed translucent gate.
 47366 | Snake:1  | Found a runed translucent gate.
 47366 | Snake:1  | Found a runed translucent gate.
 47436 | Snake:1  | Found Noisolo's Assorted Antiques.
 47440 | Snake:1  | Found Sayb's Magic Scroll Shop.
 47449 | Snake:1  | Bought a scroll of holy word for 97 gold pieces
 48446 | Snake:2  | Noticed Vashnia
 48463 | Snake:2  | Reached XP level 17. HP: 49/89 MP: 9/44
 48474 | Snake:2  | Shot with an arrow by Vashnia

Illustrated notes

Levels and vault maps discovered:
D:1:      minmay_arrival_loop, layout_basic, item_on_display_b
D:2:      layout_loops_ring, cheibriados_altar_1,
          chequers_ecumenical_altar_lobes, minmay_fractal_squares_5, uniq_robin
D:3:      layout_basic
D:4:      layout_loops_ring, lemuel_round_altar, kennysheep_mini_moat,
          xom_butterflies, minmay_temple_entry_drinking_statues
D:5:      layout_basic, overflow_temple_1_default, zin_academy,
          makhleb_blood_cavern_becter, lemuel_round_altar,
          nicolae_dithmenos_shadow_blocks, uniq_ijyb, uniq_eustachio
D:6:      layout_rooms, serial_shops, nicolae_shop_behind_doors, shop
D:7:      layout_cave_pods, nemelex_xobeh_ov_fountains_minmay, serial_shops,
          nicolae_shop_behind_doors, lightli_ossuary_entry_decrepit_ruins,
          minmay_guarded_unrand_finisher
D:8:      layout_basic, gammafunk_temple_overflow_wave, dancing_weapons_uskayaw,
          general_overflow_altar, serial_shops, kennysheep_mini, special_room
          [special_room_orc]
D:9:      layout_roguey [special_room_orc], basic_altar
D:10:     cheibrodos_wizards_tower, layout_basic,
          kennysheep_orc_monster_closet_entryway, minivault_20,
          lemuel_mausoleum_altar_kikubaaqudgha, uniq_nergalle
D:11:     layout_cave_pools, grunt_lair_entry_orc_guard_hut
D:12:     layout_roguey, gammafunk_ghost_nasty_kobolds, enter_bailey_2,
          kennysheep_pointless_box
D:13:     layout_gridville, uniq_frances
D:14:     layout_grid_maze, erik_vaults_1, kennysheep_big_empty_room,
          grunt_decor_mini_mirrors, kennysheep_small_circle
Temple:   kb_temple_of_zot
Lair:1:   beast_lair_carwin_large_2, layout_regular_city, gauntlet_entry_generic
Lair:2:   layout_roguey, dummy_snake_entry, grunt_forest_stairs_basic,
          lemuel_fruit_fields, minmay_lair_oklob_chamber, uniq_erica
Lair:3:   layout_cave_pods, elwin_shoals_entry_rooms, ebering_ghost_inner_flame,
          st_stairs_10, small_statue_intersection, ice2_lemuel
Lair:4:   layout_cave_pods, infiniplex_staircase_pool_2, lemuel_fruit_fields
Lair:5:   layout_cave_pods, slime_altar_1, chequers_serial_rivers_small_3
Lair:6:   hangedman_lair_tendril_chambers, layout_small_grid,
          hangedman_lair_caniforms_friends
Snake:1:  layout_onion, basic_altar, nicolae_snake_horde_hoard,
          serial_bayou_shore_a, grunt_megastairs_1, minmay_shop_star, uniq_kirke
Snake:2:  layout_concentric_octagons, special_room, st_stairs_9,
          lemuel_fruit_tree, uniq_vashnia
Orc:1:    layout_diamond_mine, hangedman_minor_magic
Orc:2:    st_orc_town, layout_diamond_mine, portal_ice_cave_entry_imps,
          gammafunk_ghost_cemetery, uniq_saint_roka

Skill      XL: |  1  2  3  4  5  6  7  8  9 10 11 12 13 14 15 16 |
---------------+-------------------------------------------------+-----
Conjurations   | 2 3 4 5 6 7 8 9 10 | 10.7
Air Magic      | 4 5 6 8 9 11 12 13 | 13.2
Spellcasting   | 4 5 6 8 10 11 12 13 15 17 | 17.4
Evocations     | 1 2 3 4 5 6 7 8 9 10 | 10.0
Invocations    | 1 2 3 5 6 8 9 10 | 10.9
Stealth        | 3 |  3.5
Dodging        | 3 |  3.1
Armour         | 8 9 |  9.1
Fire Magic     | 2 7 8 9 10 11 | 11.1
Shields        | 3 |  3.0
Translocations | 6 |  6.0
Fighting       | |  0.3
Polearms       | |  0.4

Action                   |  1- 3 |  4- 6 |  7- 9 | 10-12 | 13-15 | 16-18 || total
-------------------------+-------+-------+-------+-------+-------+-------++-------
Melee: Dagger            |       |    11 |    13 |       |       |       ||    24
       Scythe            |       |       |     6 |    70 |       |       ||    76
       Whip              |       |       |       |    14 |       |       ||    14
       Staff             |       |       |       |       |    31 |       ||    31
 Cast: Shock             |    83 |   111 |    56 |    85 |   106 |     9 ||   450
       Airstrike         |       |    11 |   124 |   394 |   426 |   155 ||  1110
       Swiftness         |       |       |     1 |       |     2 |     3 ||     6
       Lightning Bolt    |       |       |       |    28 |    54 |     3 ||    85
       Fireball          |       |       |       |     1 |   185 |    88 ||   274
       Conjure Ball Ligh |       |       |       |       |     3 |       ||     3
       Static Discharge  |       |       |       |       |     2 |       ||     2
       Iskenderun's Batt |       |       |       |       |       |     1 ||     1
Invok: Channel Magic     |       |       |       |     2 |     6 |     7 ||    15
Evoke: Wand              |       |       |       |    17 |     3 |       ||    20
  Use: Scroll            |       |    15 |     9 |    10 |     8 |     4 ||    46
       Potion            |       |       |       |     8 |     5 |     7 ||    20
Armor: Robe              |     4 |     1 |       |       |       |       ||     5
       Animal skin       |       |     4 |    30 |    12 |    40 |    20 ||   106
       Leather armour    |       |       |       |    24 |       |       ||    24
Dodge: Dodged            |    12 |    25 |    93 |   165 |   120 |    31 ||   446
Block: Buckler           |       |       |       |    13 |   138 |    19 ||   170
       Reflection        |       |       |       |       |    20 |     8 ||    28

Table legend: (Time is in decaauts)
 A = Elapsed time spent in this place.
 B = Non-inter-level travel time spent in this place.
 C = Inter-level travel time spent in this place.
 D = Time resting spent in this place.
 E = Time spent auto-exploring this place.
 F = Levels seen in this place.
 G = Mean time per level.
                   A        B        C        D        E       F      G
               +--------+--------+--------+--------+--------+-----+--------+
         Total |  48573 |  46856 |   1717 |  25292 |  12905 |  28 | 1734.8 |
       Dungeon |  24026 |  22862 |   1164 |  11649 |   7192 |  14 | 1716.1 |
        Temple |     93 |     59 |     34 |      0 |     41 |   1 |   93.0 |
          Lair |  14782 |  14404 |    378 |   8169 |   4228 |   6 | 2463.7 |
     Snake Pit |   2020 |   1982 |     38 |    895 |    786 |   2 | 1010.0 |
  Orcish Mines |   5219 |   5117 |    102 |   3099 |    563 |   2 | 2609.5 |
       Ossuary |    662 |    662 |      0 |    418 |      0 |   1 |  662.0 |
        Bailey |   1465 |   1465 |      0 |    981 |     94 |   1 | 1465.0 |
      Gauntlet |    302 |    302 |      0 |     81 |      0 |   1 |  302.0 |
               +--------+--------+--------+--------+--------+-----+--------+

Top non-repeatable levels by time:
  Lair:6: 5269 daAuts
   Orc:1: 3531 daAuts
    D:10: 2866 daAuts
     D:5: 2811 daAuts
     D:9: 2444 daAuts
  Lair:5: 2378 daAuts
  Lair:3: 2147 daAuts
 Snake:1: 1988 daAuts
     D:8: 1883 daAuts
    D:11: 1768 daAuts
  Lair:4: 1722 daAuts
    D:13: 1696 daAuts
  Lair:2: 1690 daAuts
   Orc:2: 1688 daAuts
     D:7: 1683 daAuts
